 Dungeon Crawl Stone Soup version 0.23.2 (webtiles) character file.

Game seed: 13948666040916560003

18 sagitran the Skirmisher (level 2, -2/24 HPs)
             Began as a Demonspawn Chaos Knight on Apr 9, 2019.
             Was a Plaything of Xom.
             Slain by a goblin (3 damage)
             ... on level 2 of the Dungeon.
             The game lasted 00:01:54 (880 turns).

sagitran the Skirmisher (Demonspawn Chaos Knight)    Turns: 880, Time: 00:01:54

Health: -2/24      AC:  5    Str: 12    XL:     2   Next: 48%
Magic:  2/2        EV:  8    Int: 13    God:    Xom [..*...]
Gold:   98         SH:  6    Dex: 12    Spells: 1/1 levels left

rFire    . . .     SeeInvis .   a - +0 falchion (chaos)
rCold    . . .     Gourm    .   f - +0 shield
rNeg     . . .     Faith    .   b - +2 leather armour
rPois    .         Spirit   .   (helmet restricted)
rElec    .         Reflect  .   (no cloak)
rCorr    .         Harm     .   (no gloves)
MR       .....                  (no boots)
Stlth    +.........             (no amulet)
HPRegen  0.08/turn              (no ring)
MPRegen  0.08/turn              (no ring)

@: lethally poisoned (-2 -> -5)
A: antennae 1
a: Renounce Religion


You were on level 2 of the Dungeon.
You worshipped Xom.
You were a toy of Xom.
You were not hungry.

You visited 1 branch of the dungeon, and saw 2 of its levels.

You collected 98 gold pieces.

Inventory:

Hand Weapons
 a - a +0 falchion of chaos (weapon)
Armour
 b - a +2 leather armour (worn)
 f - a +0 shield (worn)
Scrolls
 d - a scroll of teleportation {unknown}
 e - 3 scrolls of remove curse {unknown}
Comestibles
 c - 3 rations


   Skills:
 + Level 3.3 Fighting
 + Level 3.1 Long Blades
 + Level 1.8 Armour
 + Level 0.8 Dodging
 + Level 0.2 Stealth


You had one spell level left.
You didn't know any spells.
Your spell library was empty.

Dungeon Overview and Level Annotations

Branches:
Dungeon (2/15)

Altars:

Annotations:
D:2 1 runed translucent door, Crazy Yiuf


Innate Abilities, Weirdness & Mutations

You have a pair of small antennae on your head.


Message History

The goblin barely misses you. The adder bites you.
* * * LOW HITPOINT WARNING * * *
You are lethally poisoned!
The adder poisons you!
You miss the adder.
The adder is moderately wounded.
* * * LOW HITPOINT WARNING * * *
You feel sick. The adder bites you.
* * * LOW HITPOINT WARNING * * *
You block the goblin's attack. You block the adder's attack.
You hit the adder.
You feel better.
The adder is almost dead.
You block the goblin's attack. The adder bites you.
* * * LOW HITPOINT WARNING * * *
The goblin hits you but does no damage.
You closely miss the adder.
The adder is almost dead.
* * * LOW HITPOINT WARNING * * *
You feel sick. You block the adder's attack. The goblin hits you.
You die...

♣♣♣♣♣##...............####
#...............#
#.....#.........#
.......#..)......#
..###...#........# .#
##.........#.... .#
####.>.†..†.######
###.<.....###..#
.........g@..# ##.#
.....#.#..S..# ...
..l....#.......# ####
.........(....##
........##...... ......#.
........ .........##.....#
#....#. .......


You could see an adder and a goblin.

Vanquished Creatures
  An ooze (D:1)
  A leopard gecko (D:1)
  A goblin (D:1)
  5 hobgoblins
  3 frilled lizards
  A kobold (D:1)
12 creatures vanquished.

Notes
Turn   | Place    | Note
-------+----------+-------------------------------------------
     0 | D:1      | sagitran the Demonspawn Chaos Knight began the quest for
                  | the Orb.
     0 | D:1      | Reached XP level 1. HP: 18/18 MP: 1/1
    84 | D:1      | XOM: divination: magic mapping
   467 | D:1      | XOM: harmless Necr miscast
   555 | D:1      | XOM: butterfly on damage
   569 | D:1      | XOM: mild Ice miscast
   621 | D:1      | XOM: cloud trail
   728 | D:1      | Gained mutation: You have a pair of small antennae on your
                  | head. [demonic ancestry]
   728 | D:1      | Reached XP level 2. HP: 15/24 MP: 2/2
   832 | D:2      | Found a runed translucent door.
   833 | D:2      | Noticed Crazy Yiuf
   859 | D:2      | XOM: mild Tloc miscast
   876 | D:2      | HP: 1/24 [adder (4)]
   880 | D:2      | Slain by a goblin

Skill      XL: |  1 |
---------------+----+-----
Long Blades    | 3 |  3.1
Fighting       | |  3.3
Armour         | |  1.8
Dodging        | |  0.8
Stealth        | |  0.2

Action                   || total
-------------------------++-------
Melee: Falchion          ||    37
  Use: Potion            ||     1
 Stab: Paralysed         ||     1
       Petrified         ||     4
Armor: Leather armour    ||    13
Dodge: Dodged            ||    10
Block: Shield            ||    18
       Rpst.: Falchion   ||     4
